% Time on Ice - SAN FRANCISCO SPIDERS
Lines # - Real PCT - Wanted PCT - Time Play
Normal Forward
1 - 31% - 35% - 14:27
2 - 37% - 35% - 17:31
3 - 25% - 25% - 11:36
4 - 7% - 5% - 3:31
Normal Defense
1 - 33% - 38% - 15:27
2 - 34% - 37% - 16:07
3 - 30% - 15% - 14:15
4 - 3% - 10% - 1:16
PP Forward
1 - 49% - 55% - 3:53
2 - 51% - 45% - 4:04
PP Defense
1 - 46% - 55% - 3:41
2 - 54% - 45% - 4:16
PK Forward
1 - 82% - 55% - 3:16
2 - 18% - 45% - 0:42
PK Defense
1 - 42% - 55% - 1:40
2 - 58% - 45% - 2:18
PK3 Forward
1 - 0% - 55%
2 - 0% - 45%
PK3 Defense
1 - 0% - 55%
2 - 0% - 45%
44 Forward
1 - 0% - 55%
2 - 0% - 45%
44 Defense
1 - 0% - 55%
2 - 0% - 45%
Last Minute Offensive  - 0:00
Last Minute Defensive  - 1:00
Total
Forward - 60:00
Defense - 60:00
% Time on Ice - SAN DIEGO THUNDER
Lines # - Real PCT - Wanted PCT - Time Play
Normal Forward
1 - 28% - 36% - 13:14
2 - 31% - 31% - 14:41
3 - 28% - 23% - 13:09
4 - 13% - 10% - 6:01
Normal Defense
1 - 34% - 38% - 15:52
2 - 35% - 32% - 16:19
3 - 29% - 20% - 13:47
4 - 2% - 10% - 1:07
PP Forward
1 - 55% - 55% - 2:12
2 - 45% - 45% - 1:46
PP Defense
1 - 66% - 55% - 2:38
2 - 34% - 45% - 1:20
PK Forward
1 - 56% - 55% - 4:29
2 - 44% - 45% - 3:28
PK Defense
1 - 53% - 55% - 4:14
2 - 47% - 45% - 3:43
PK3 Forward
1 - 0% - 55%
2 - 0% - 45%
PK3 Defense
1 - 0% - 55%
2 - 0% - 45%
44 Forward
1 - 0% - 55%
2 - 0% - 45%
44 Defense
1 - 0% - 55%
2 - 0% - 45%
Last Minute Offensive  - 1:00
Last Minute Defensive  - 0:00
Total
Forward - 60:00
Defense - 60:00
Play-by-Play 1st period 0:01 of 1st period - Bo Horvat wins face-off versus Eetu Luostarinen in neutral zone. 0:39 of 1st period - Icing by Darnell Nurse. 0:40 of 1st period - Bo Horvat wins face-off versus Wyatt Johnston in SAN FRANCISCO SPIDERS zone. 0:49 of 1st period - Shot by Bo Horvat. 0:49 of 1st period - Stopped by Connor Hellebuyck without a rebound. 0:50 of 1st period - Sebastian Aho wins face-off versus Isac Lundestrom in SAN DIEGO THUNDER zone. 1:25 of 1st period - Shot by Sebastian Aho. 1:25 of 1st period - Stopped by Connor Hellebuyck without a rebound. 1:26 of 1st period - Nick Bjugstad wins face-off versus Wyatt Johnston in SAN DIEGO THUNDER zone. 1:57 of 1st period - Shot by Jack Roslovic. 1:57 of 1st period - Stopped by Connor Hellebuyck without a rebound. 1:58 of 1st period - Eetu Luostarinen wins face-off versus Dakota Joshua in SAN DIEGO THUNDER zone. 2:17 of 1st period - Radek Faksa is hit by Dakota Joshua and loses puck. 3:22 of 1st period - Shot by Brady Tkachuk. 3:22 of 1st period - Stopped by Connor Hellebuyck without a rebound. 3:23 of 1st period - Bo Horvat wins face-off versus Wyatt Johnston in SAN DIEGO THUNDER zone. 3:30 of 1st period - Shot by Jared McCann. 3:30 of 1st period - Stopped by Connor Hellebuyck without a rebound. 3:31 of 1st period - Ondrej Palat wins face-off versus Wyatt Johnston in SAN DIEGO THUNDER zone. 3:33 of 1st period - Nick Bjugstad is hit by Derek Forbort and loses puck. 3:49 of 1st period - Nick Bjugstad is hit by Connor Murphy and loses puck. 4:01 of 1st period - Nick Bjugstad is hit by Connor Murphy and loses puck. 4:09 of 1st period - Icing by Derek Forbort. 4:10 of 1st period - Bo Horvat wins face-off versus Dmitri Voronkov in SAN DIEGO THUNDER zone. 4:35 of 1st period - Shot by Isac Lundestrom. 4:35 of 1st period - Stopped by Igor Shesterkin without a rebound. 4:36 of 1st period - Isac Lundestrom wins face-off versus Sebastian Aho in SAN FRANCISCO SPIDERS zone. 4:44 of 1st period - Icing by Sebastian Aho. 4:45 of 1st period - Mark Kastelic wins face-off versus Brady Tkachuk in SAN FRANCISCO SPIDERS zone. 5:00 of 1st period - Shot by Joel Armia. 5:00 of 1st period - Stopped by Igor Shesterkin with a rebound. 5:18 of 1st period - Shot by Joel Armia. 5:18 of 1st period - Shot Blocked by Erik Gudbranson. 6:07 of 1st period - Shot by Bo Horvat. 6:07 of 1st period - Shot Misses the Net. 6:09 of 1st period - Shot by Bo Horvat. 6:09 of 1st period - Deflect By Viktor Arvidsson. 6:09 of 1st period - Stopped by Connor Hellebuyck without a rebound. 6:10 of 1st period - Wyatt Johnston wins face-off versus Nick Bjugstad in SAN DIEGO THUNDER zone. 6:48 of 1st period - Double Minor Penalty to Joel Farabee for Roughing. 6:49 of 1st period - Dmitri Voronkov wins face-off versus Sebastian Aho in SAN DIEGO THUNDER zone. 7:00 of 1st period - Shot by Brock Faber. 7:00 of 1st period - Stopped by Connor Hellebuyck without a rebound. 7:01 of 1st period - Dmitri Voronkov wins face-off versus Bo Horvat in SAN DIEGO THUNDER zone. 7:01 of 1st period - Charles McAvoy is hit by Brady Tkachuk and loses puck. 7:32 of 1st period - Shot by Brady Tkachuk. 7:32 of 1st period - Deflect By Bo Horvat. 7:32 of 1st period - Shot Blocked by Erik Cernak. 7:34 of 1st period - Shot by Michael Anderson. 7:34 of 1st period - Shot Blocked by Erik Cernak. 7:36 of 1st period - Shot by Michael Anderson. 7:36 of 1st period - Stopped by Connor Hellebuyck without a rebound. 7:37 of 1st period - Sebastian Aho wins face-off versus Eetu Luostarinen in SAN DIEGO THUNDER zone. 8:59 of 1st period - Brady Tkachuk is hit by Derek Forbort and loses puck. 9:08 of 1st period - Icing by Michael Anderson. 9:09 of 1st period - Dmitri Voronkov wins face-off versus Brady Tkachuk in SAN FRANCISCO SPIDERS zone. 9:43 of 1st period - Shot by Darnell Nurse. 9:43 of 1st period - Shot Misses the Net. 9:45 of 1st period - Shot by Darnell Nurse. 9:45 of 1st period - Stopped by Connor Hellebuyck without a rebound. 9:46 of 1st period - Wyatt Johnston wins face-off versus Sebastian Aho in SAN DIEGO THUNDER zone. 10:03 of 1st period - Shot by Jared McCann. 10:03 of 1st period - Deflect By Sebastian Aho. 10:03 of 1st period - Shot Misses the Net. 10:05 of 1st period - Shot by Sebastian Aho. 10:05 of 1st period - Stopped by Connor Hellebuyck without a rebound. 10:06 of 1st period - Bo Horvat wins face-off versus Eetu Luostarinen in SAN DIEGO THUNDER zone. 10:13 of 1st period - Shot by Bo Horvat. 10:13 of 1st period - Shot Misses the Net. 10:15 of 1st period - Shot by Michael Anderson. 10:15 of 1st period - Stopped by Connor Hellebuyck with a rebound. 10:19 of 1st period - Shot by Brady Tkachuk. 10:19 of 1st period - Stopped by Connor Hellebuyck with a rebound. 10:21 of 1st period - Shot by Brock Faber. 10:21 of 1st period - Shot Misses the Net. 10:23 of 1st period - Shot by Viktor Arvidsson. 10:23 of 1st period - Shot Misses the Net. 11:23 of 1st period - Shot by Luke Kunin. 11:23 of 1st period - Shot Misses the Net. 12:13 of 1st period - Shot by Sam Lafferty. 12:13 of 1st period - Stopped by Connor Hellebuyck without a rebound. 12:14 of 1st period - Wyatt Johnston wins face-off versus Sebastian Aho in SAN DIEGO THUNDER zone. 12:32 of 1st period - Icing by Michael Anderson. 12:33 of 1st period - Sebastian Aho wins face-off versus Luke Kunin in SAN FRANCISCO SPIDERS zone. 13:12 of 1st period - Sebastian Aho is hit by Luke Kunin and loses puck. 13:33 of 1st period - Erik Gudbranson is hit by Dmitri Voronkov and loses puck. 13:54 of 1st period - Shot by Bo Horvat. 13:54 of 1st period - Stopped by Connor Hellebuyck without a rebound. 13:55 of 1st period - Nick Bjugstad wins face-off versus Eetu Luostarinen in SAN DIEGO THUNDER zone. 14:04 of 1st period - Shot by Nick Bjugstad. 14:04 of 1st period - Shot Blocked by Derek Forbort. 14:06 of 1st period - Shot by Ondrej Palat. 14:06 of 1st period - Stopped by Connor Hellebuyck without a rebound. 14:07 of 1st period - Dakota Joshua wins face-off versus Drake Batherson in SAN DIEGO THUNDER zone. 14:07 of 1st period - Dakota Joshua is hit by Connor Murphy. 14:09 of 1st period - Shot by Darnell Nurse. 14:09 of 1st period - Stopped by Connor Hellebuyck without a rebound. 14:10 of 1st period - Bo Horvat wins face-off versus Eetu Luostarinen in SAN DIEGO THUNDER zone. 14:11 of 1st period - Shot by Jared McCann. 14:11 of 1st period - Shot Misses the Net. 14:20 of 1st period - Viktor Arvidsson is hit by Connor Murphy and loses puck. 14:31 of 1st period - Shot by Jared McCann. 14:31 of 1st period - Stopped by Connor Hellebuyck without a rebound. 14:32 of 1st period - Isac Lundestrom wins face-off versus Sebastian Aho in SAN DIEGO THUNDER zone. 14:32 of 1st period - Isac Lundestrom is hit by Brady Tkachuk. 14:37 of 1st period - Luke Kunin is hit by Michael Anderson and loses puck. 14:38 of 1st period - Luke Kunin from SAN DIEGO THUNDER is injured at 14:38 of 1st period (Sprained Left Knee). 14:39 of 1st period - Isac Lundestrom wins face-off versus Bo Horvat in SAN FRANCISCO SPIDERS zone. 16:37 of 1st period - Shot by Nick Bjugstad. 16:37 of 1st period - Shot Blocked by Erik Cernak. 17:15 of 1st period - Shot by Drake Batherson. 17:15 of 1st period - Shot Misses the Net. 17:17 of 1st period - Shot by Eetu Luostarinen. 17:17 of 1st period - Stopped by Igor Shesterkin without a rebound. 17:18 of 1st period - Bo Horvat wins face-off versus Wyatt Johnston in SAN FRANCISCO SPIDERS zone. 17:49 of 1st period - Shot by Wyatt Johnston. 17:49 of 1st period - Stopped by Igor Shesterkin without a rebound. 17:50 of 1st period - Eetu Luostarinen wins face-off versus Sebastian Aho in SAN FRANCISCO SPIDERS zone. 19:30 of 1st period - Shot by Dmitri Voronkov. 19:30 of 1st period - Stopped by Igor Shesterkin with a rebound. 19:49 of 1st period - Shot by Wyatt Johnston. 19:49 of 1st period - Shot Misses the Net. 19:51 of 1st period - Shot by Wyatt Johnston. 19:51 of 1st period - Deflect By Dmitri Voronkov. 19:51 of 1st period - Shot Misses the Net. 19:53 of 1st period - Shot by Adam Boqvist. 19:53 of 1st period - Stopped by Igor Shesterkin without a rebound. 19:54 of 1st period - Nick Bjugstad wins face-off versus Dmitri Voronkov in SAN FRANCISCO SPIDERS zone. Goals for this period are 0 for SAN FRANCISCO SPIDERS vs 0 for SAN DIEGO THUNDER. Shots for this period are 17 for SAN FRANCISCO SPIDERS vs